 Dungeon Crawl Stone Soup version 0.27-b1-42-g19c61b19a5 (webtiles) character file.

Game seed: 10863940405442056159

132 shadowrider38 the Chopper (level 4, -3/39 HPs)
             Began as a Minotaur Berserker on July 29, 2021.
             Was a Follower of Trog.
             Slain by Sigmund (12 damage)
             ... on level 3 of the Dungeon.
             The game lasted 00:14:26 (2751 turns).

shadowrider38 the Chopper (Minotaur Berserker)      Turns: 2751, Time: 00:14:27

Health: -3/39      AC:  3    Str: 27    XL:     4   Next: 92%
Magic:  3/3        EV: 12    Int:  4    God:    Trog [*.....]
Gold:   82         SH:  0    Dex:  9    Spells: 3/3 levels left

rFire    . . .     SeeInvis .   a - +0 hand axe
rCold    . . .     Faith    .   (no shield)
rNeg     . . .     Spirit   .   b - +0 animal skin
rPois    .         Reflect  .   (helmet restricted)
rElec    +         Harm     .   (no cloak)
rCorr    .         Rampage  .   (no gloves)
Will     .....                  n - +0 pair of boots of Good Intentions {+Inv rElec Str+4}
Stlth    +.........             (no amulet)
HPRegen  0.13/turn              (no ring)
MPRegen  0.08/turn              (no ring)

@: mighty
A: horns 2, retaliatory headbutt
a: Renounce Religion, Evoke Invisibility, Berserk


You were on level 3 of the Dungeon.
You worshipped Trog.
Trog was aware of your devotion.
You visited 1 branch of the dungeon, and saw 3 of its levels.

You collected 234 gold pieces.
You spent 152 gold pieces at shops.

Inventory:

Hand Weapons
 a - a +0 hand axe (weapon)
 o - a +2 dagger of speed
Missiles
 p - 39 bolts
Armour
 b - a +0 animal skin (worn)
 i - a +0 robe
 n - the +0 pair of boots of Good Intentions (worn) {+Inv rElec Str+4}
   (You bought it in a shop on level 1 of the Dungeon)

   Str:       It affects your strength (+4).
   rElec:     It insulates you from electricity.
   +Inv:      It lets you turn invisible.
Jewellery
 c - an amulet of magic regeneration
Scrolls
 d - a scroll of fear {unknown}
 e - a scroll of amnesia {unknown}
 f - 2 scrolls of teleportation {unknown}
 j - a scroll of identify {unknown}
 k - 3 scrolls of noise {unknown}
 l - a scroll of fog {unknown}
Potions
 g - a potion of curing
 m - a potion of haste {unknown}


   Skills:
 - Level 3.6 Fighting
 + Level 6.7 Axes
 - Level 2.4 Armour
 - Level 2.1 Dodging
 + Level 0.4 Stealth


You had 3 spell levels left.
You didn't know any spells.
Your spell library was empty.

Dungeon Overview and Level Annotations

Branches:
Dungeon (3/15)

Altars:

Shops:
D:1 [

Annotations:
D:3 2 transporters, Sigmund; seveneves's ghost, weakling MiFi


Innate Abilities, Weirdness & Mutations

You have a pair of horns on your head.
You reflexively headbutt those who attack you in melee.


Message History

Found 17 arrows.
You see here 17 arrows.
p - 39 bolts (gained 10) Sigmund the Dreaded comes into view.
He is wielding a +0 scythe.
Sigmund is nearby!
Sigmund shouts!
Sigmund barely misses you.
Sigmund gestures wildly while chanting.
Sigmund flickers and vanishes!
Deactivating autopickup; reactivate with Ctrl-A.
Found 9 stones.
No target in view!
Something hits you.
You see here 9 stones.
There is a strange disturbance nearby!
There is a strange disturbance nearby!
No target in view!
No target in view!
No target in view!
There is a strange disturbance nearby!
There is a strange disturbance nearby!
Something hits you.
You hear some strange, mumbled words.
You are confused.
You bump into the rock wall.
Something hits you. Something hits you.
A puff of flame appears from out of thin air!
The puff of flame hits you!
You're too confused to move!
You bump into the rock wall.
You feel less confused. Something hits you!
* * * LOW HITPOINT WARNING * * *
It was a potion of curing.
You feel better. Something hits you!
* * * LOW HITPOINT WARNING * * *
It was a potion of might.
You feel very mighty all of a sudden. Something hits you but does no damage.
You swing at nothing.
Something hits you!
You die...

#.# #.....#
#.# #.....#
#.# #.....#
##.###.....#
##...##.#.###
##.#(#..#....#
#.##.#.###.#.#
##.#..##
##..#####.#
##@.##
##.......#
#...#
##...######
#....###.(.##
#...#.#..###
####
######...#
#... ###.##
#.## #...#
#.#. #...#
#.#. #...#
#.#.


There were no monsters in sight!

Vanquished Creatures
  An orc wizard (D:3)
  4 gnolls (D:1)
  2 adders
  A worm (D:2)
  A dart slug (D:1)
  3 orcs (D:3)
  2 endoplasms
  A giant cockroach (D:1)
  3 goblins
  4 hobgoblins
  8 jackals (D:1)
  2 quokkas (D:1)
  3 ball pythons
  2 bats
  A frilled lizard (D:1)
  5 kobolds
  A rat (D:1)
44 creatures vanquished.

Vanquished Creatures (others)
  3 fungi
  5 toadstools (D:2)
8 creatures vanquished.

Grand Total: 52 creatures vanquished

Notes
Turn   | Place    | Note
-------+----------+-------------------------------------------
     0 | D:1      | shadowrider38 the Minotaur Berserker began the quest for
                  | the Orb.
     0 | D:1      | Reached XP level 1. HP: 19/19 MP: 0/0
   102 | D:1      | Reached skill level 4 in Axes
   172 | D:1      | Reached XP level 2. HP: 23/26 MP: 1/1
   692 | D:1      | Reached skill level 5 in Axes
   815 | D:1      | Found a faded altar of an unknown god.
   836 | D:1      | Found Jacezawu's Antique Armour Shoppe.
   919 | D:1      | Reached XP level 3. HP: 18/31 MP: 2/2
  1448 | D:2      | Reached skill level 6 in Axes
  1448 | D:2      | Reached XP level 4. HP: 28/39 MP: 3/3
  2232 | D:1      | Bought a pair of crude boots for 152 gold pieces
  2232 | D:1      | Identified the +0 pair of boots of Good Intentions {+Inv
                  | rElec Str+4} (You bought it in a shop on level 1 of the
                  | Dungeon)
  2413 | D:3      | Found a transporter.
  2459 | D:3      | Found a transporter.
  2459 | D:3      | Noticed seveneves's ghost (weakling MiFi)
  2736 | D:3      | Noticed Sigmund
  2751 | D:3      | Slain by Sigmund

Illustrated notes

Levels and vault maps discovered:
D:1:      dpeg_arrival_brainrot, layout_basic,
          shapermc_ecumenical_altar_acropolis, serial_shops, shop
D:2:      layout_basic, minmay_gold_behind_fungi
D:3:      layout_loops_cross, gammafunk_ghost_arena, uniq_sigmund

Skill      XL: |  1  2  3 |
---------------+----------+-----
Axes           | 4 5 6 |  6.7
Fighting       | |  3.6
Armour         | |  2.4
Dodging        | |  2.1
Stealth        | |  0.4

Action                   |  1- 3 |  4- 6 || total
-------------------------+-------+-------++-------
Melee: Hand axe          |    47 |    39 ||    86
       Headbutt          |    14 |     9 ||    23
  Use: Potion            |       |     2 ||     2
 Stab: Sleeping          |       |     1 ||     1
Armor: Animal skin       |     5 |    10 ||    15
Dodge: Dodged            |    33 |    16 ||    49
